AoeStats
← Stanko2026

Black Forest

506818383Analyzed
1v1 RM · 16d ago on Sep 15, 2026· 45m 55s· 2 players
Game mode
Random Map
Map size
Tiny (2 player)
Population
200
Speed
Normal
Resources
Standard
Victory
Conquest
Starting age
Dark Age
Ending age
Imperial Age
RankedLock teamsTeams togetherTeam positionsShared explorationLock speedFull tech treeHidden civsTurbo modeCheats
Victory
Defeat
🇩🇪 Teutons · Germany
716
+18
🇮🇹 Maya · Italy
754
-18
Stanko2026
0:28 Loom
13:44 Feudal Age
14:26 Horse Collar
14:45 Gold Mining
14:45 Stone Mining
14:43 Double-Bit Axe
20:55 Fletching
21:05 Padded Archer Armor
21:11 Scale Barding Armor
24:11 Castle Age
22:22 Scale Mail Armor
22:33 Forging
22:49 Forging
23:24 Man-at-Arms
23:56 Arson
25:05 Bow Saw
25:00 Heavy Plow
24:24 Elite Skirmisher
24:51 Pikeman
27:57 Squires
28:30 Bodkin Arrow
28:51 Leather Archer Armor
32:37 Ballistics
32:28 Fortified Wall
34:31 Town Watch
35:22 Wheelbarrow
38:38 Imperial Age
36:42 Bloodlines
39:23 Iron Casting
39:04 Chain Mail Armor
39:09 Chain Barding Armor
39:56 Onager
41:39 Chemistry
41:23 Crop Rotation
41:17 Cavalier
43:25 Conscription
43:41 Hoardings
Sytrus
0:28 Loom
13:35 Feudal Age
17:15 Double-Bit Axe
17:32 Horse Collar
20:49 Castle Age
19:32 Stone Mining
20:44 Fletching
20:54 Padded Archer Armor
22:35 Bow Saw
22:26 Heavy Plow
21:58 Crossbowman
25:24 Ballistics
25:25 Elite Skirmisher
28:52 Town Watch
31:23 Thumb Ring
38:20 Leather Archer Armor
38:01 Bodkin Arrow
38:37 Town Patrol
39:12 Wheelbarrow
42:55 Imperial Age
44:15 Arbalester
Connection lost

Rejoining the realm…

Still unreachable

The connection could not be restored.

Session expired

The server has moved on; the page needs a fresh start.